 Dungeon Crawl Stone Soup version 0.27.1-2-g3b301248ec (webtiles) character file.

Game seed: 1848000067991408624

91132 Mesmaeker13 the Warrior (level 16, -2/179 HPs)
             Began as an Ogre Gladiator on Sept 23, 2021.
             Was an Initiate of Ashenzari.
             Slain by a white ugly thing (10 damage)
             ... in an ice cave.
             The game lasted 00:57:27 (25921 turns).

Mesmaeker13 the Warrior (Ogre Gladiator)           Turns: 25921, Time: 00:57:28

Health: -2/179     AC: 17    Str: 22    XL:     16   Next: 2%
Magic:  25/25      EV: 10    Int: 14    God:    Ashenzari [......]
Gold:   2198       SH:  0    Dex: 10    Spells: 25/28 levels left

rFire    + + +     SeeInvis .   l - +5 giant spiked club (vorpal)
rCold    + . .     Faith    .   (shield currently unavailable)
rNeg     . . .     Spirit   .   v - +0 fire dragon scales
rPois    .         Reflect  .   S - +2 hat {Will+}
rElec    .         Harm     .   i - scarf {rC+ rF+}
rCorr    .         Rampage  .   (gloves unavailable)
Will     ++...                  (boots unavailable)
Stlth    ..........             B - amulet of regeneration
HPRegen  1.39/turn              g - ring "Gnosis of Ashenzari" {AC+4, Comp, Fort} (curse)
MPRegen  0.19/turn              T - ring of protection from cold

@: studying Maces & Flails
A: large, unfitting armour, tough skin 1
a: Renounce Religion, Curse Item, Shatter the Chains


You were in an ice cave.
You worshipped Ashenzari.
Ashenzari was noncommittal.
You visited 4 branches of the dungeon, and saw 23 of its levels.
You also visited: Ice Cave.

You collected 2484 gold pieces.
You spent 286 gold pieces at shops.

Inventory:

Hand Weapons
 l - a +5 vorpal giant spiked club (weapon)
 C - a +1 scimitar of flaming
Missiles
 j - 74 boomerangs
 t - a throwing net
 w - 11 javelins
 A - 3 silver javelins
 H - 16 large rocks (quivered)
Armour
 e - +0 acid dragon scales
 i - a scarf of resistance (worn)
 r - a +2 robe of cold resistance
 v - +0 fire dragon scales (worn)
 S - a +2 hat of willpower (worn)
Jewellery
 b - the ring "Foro" {+Blink rPois MP+9 Stlth-}
   (You took it off a kobold on level 10 of the Dungeon)

   [ring of magical power]

   rPois:     It protects you from poison.
   MP:        It affects your magic capacity (+9).
   +Blink:    It lets you blink.
   Stlth:     It makes you less stealthy.
 g - the cursed ring "Gnosis of Ashenzari" (left hand) {AC+4, Comp, Fort}
   (You found it on level 1 of the Dungeon)

   [ring of protection]

   AC:        It affects your AC (+4).
   It has a curse which improves the following skills: Companions: Summonings
   and Necromancy.
   Fortitude: Armour and Shields.
 x - a +6 ring of strength
 B - an amulet of regeneration (around neck)
 L - the ring of Sunlight {Wiz Fly rPois}
   (You found it on level 10 of the Dungeon)

   [ring of wizardry]

   It improves your spell success rate.
   rPois:     It protects you from poison.
   Fly:       It grants you flight.
 Q - the ring of Starshine {EV+4 Int+6 Dex-5}
   (You took it off an efreet on level 10 of the Dungeon)

   [ring of evasion]

   EV:        It affects your evasion (+4).
   Int:       It affects your intelligence (+6).
   Dex:       It affects your dexterity (-5).
 T - a ring of protection from cold (right hand)
Wands
 a - a wand of iceblast (8)
 d - a wand of mindburst (1)
 m - a wand of digging (15)
 s - a wand of flame (70)
 M - a wand of paralysis (17)
Scrolls
 c - a scroll of brand weapon
 f - 2 scrolls of fog
 o - 4 scrolls of magic mapping
 q - a scroll of teleportation
 u - 5 scrolls of immolation
 y - 4 scrolls of summoning
 E - 2 scrolls of enchant armour
 G - 2 scrolls of amnesia
 K - 2 scrolls of fear
 N - a scroll of silence
 P - a scroll of blinking
Potions
 h - a potion of lignification
 k - 4 potions of flight
 n - a potion of cancellation
 p - 2 potions of brilliance
 z - a potion of ambrosia
 D - 2 potions of resistance
 I - 6 potions of haste
 J - 4 potions of curing
 O - 2 potions of might


   Skills:
 + Level 16.2 Fighting
 + Level 15.4 Maces & Flails
 - Level 12.6 Throwing
 + Level 7.3(7.9) Armour
 - Level 8.4 Dodging
 - Level 6.5 Spellcasting
 + Level 6.0(6.5) Summonings


You had 25 spell levels left.
You knew the following spells:

 Your Spells              Type           Power      Damage    Failure   Level
a - Call Canine Familiar  Summ           22%        N/A       9%          3

Your spell library contained the following spells:

 Spells                   Type           Power      Damage    Failure   Level
 Beastly Appendage        Tmut           8%         N/A       38%         1
 Pain                     Necr           16%        1d4       38%         1
 Slow                     Hex            4%         N/A       54%         2
 Wereblood                Tmut           4%         N/A       54%         2
 Confusing Touch          Hex            4%         N/A       77%         3
 Conjure Flame            Conj/Fire      4%         6-21      77%         3
 Ignite Poison            Fire/Tmut/Pois 4%         N/A       77%         3
 Portal Projectile        Hex/Tloc       8%         N/A       77%         3
 Spider Form              Tmut/Pois      2%         N/A       77%         3
 Leda's Liquefaction      Hex/Erth       2%         N/A       99%         4
 Sticky Flame             Conj/Fire      4%         2d3       99%         4
 Agony                    Necr           4%         N/A       100%        5
 Bolt of Magma            Conj/Fire/Erth 2%         4d4       100%        5
 Excruciating Wounds      Necr           2%         N/A       100%        5
 Yara's Violent Unravell  Hex/Tmut       2%         3d3       100%        5
 Statue Form              Tmut/Erth      2%         N/A       100%        6
 Borgnjor's Revivificati  Necr           2%         N/A       100%        8
 Necromutation            Tmut/Necr      2%         N/A       100%        8
 Death's Door             Necr           2%         N/A       100%        9


Dungeon Overview and Level Annotations

Branches:
Dungeon (14/15)            Temple (1/1) D:4            Lair (6/6) D:9
 Shoals (0/4) Lair:2       Spider (0/4) Lair:4        Slime (0/5) Lair:6
    Orc (2/2) D:11            Elf (0/3) Orc:2        Vaults (0/5) D:14
  IceCv (1/1)

Altars:
Ashenzari
Cheibriados
Dithmenos
Elyvilon
Fedhas
Gozag
Hepliaklqana
Kikubaaqudgha
Makhleb
Nemelex Xobeh
Okawaru
Qazlal
Ru
Sif Muna
Trog
Uskayaw
Vehumet
Wu Jian
Xom
Yredelemnul
Zin
The Shining One
Beogh
Jiyva

Shops:
D:3 (   D:5 [   Orc:1 **[   Orc:2 :*:*

Annotations:
Lair:3 1 runed translucent door
Lair:5 1 runed translucent door, Zimaveycw's ghost, journeyman OpFi
Lair:6 3 runed translucent doors, emiel's ghost, journeyman FoEE


Innate Abilities, Weirdness & Mutations

You are too large for most types of armour.
You have tough skin. (AC +1)


Message History

The polar bear bites you.
The polar bear claws you but does no damage. x2
The rime drake bites you. The white ugly thing engulfs you!
The white ugly thing freezes you! You resist.
You closely miss the polar bear.
The polar bear is heavily wounded.
The polar bear bites you.
* * * LOW HITPOINT WARNING * * *
The polar bear claws you but does no damage.
The polar bear claws you.
* * * LOW HITPOINT WARNING * * *
The rime drake barely misses you. The white ugly thing barely misses you.
You completely miss the polar bear.
The polar bear is heavily wounded.
The polar bear bites you!
* * * LOW HITPOINT WARNING * * *
The polar bear claws you.
* * * LOW HITPOINT WARNING * * *
The polar bear closely misses you. The rime drake completely misses you.
The white ugly thing engulfs you!
* * * LOW HITPOINT WARNING * * *
The white ugly thing freezes you! You resist.
* * * LOW HITPOINT WARNING * * *
You bludgeon the polar bear!!
You kill the polar bear!
The rime drake bites you but does no damage.
The white ugly thing barely misses you.
Your Summonings skill increases to level 6!
Unknown command.
The rime drake closely misses you.
The white ugly thing engulfs you but does no damage.
Unknown command.
You flatten the rime drake like a pancake!!!
You kill the rime drake!
The white ugly thing engulfs you but does no damage.
Unknown command.
You barely miss the white ugly thing. The white ugly thing engulfs you!
* * * LOW HITPOINT WARNING * * *
The white ugly thing freezes you! You resist.
You die...

#### ##..##
###
##....##.(##
#......(...#
#.∩.†.......
#..†u...##..
##..@.###
##..## ####


You could see a white ugly thing.

Vanquished Creatures
  Gastronok (D:12)
  An orc warlord (Orc:2)
  Snorg (D:11)
  A fire dragon (Lair:6)
  Fannar (D:12)
  A vault guard (D:14)
  5 hydras
  Harold (D:9)
  A catoblepas (Lair:2)
  An ogre mage (D:10)
  5 centaur warriors
  Erica (D:8)
  8 two-headed ogres
  A death knight (D:10)
  7 death yaks
  5 orc high priests (Orc:2)
  A tengu warrior (D:14)
  Urug (Lair:6)
  Nergalle (D:12)
  4 skeletal warriors (D:12)
  5 orc knights (Orc:2)
  A lindwurm (Lair:6)
  5 orc sorcerers
  An oklob plant (Lair:1)
  3 deep elf pyromancers
  4 cyclopes
  2 ugly things
  3 manticores
  4 elephants
  3 merfolk sirens (Lair:2)
  Maurice (D:8)
  2 ice statues (D:14)
  2 molten gargoyles (Lair:6)
  6 black mambas
  A gargoyle (D:13)
  10 cane toads
  7 komodo dragons
  An efreet (D:10)
  An unseen horror (D:10)
  3 rime drakes
  2 tengu conjurers (D:13)
  2 jumping spiders (Lair:4)
  8 trolls
  A merfolk (Lair:2)
  Grinder (D:3)
  2 hornets
  4 polar bears
  10 blink frogs
  11 slime creatures
  2 dream sheep (Lair:4)
  Sigmund (D:3)
  2 redbacks (Lair:4)
  5 wyverns
  5 wraiths
  A shadow (D:10)
  29 yaks
  8 basilisks
  4 steam dragons
  8 vampire mosquitoes
  Grum (D:8)
  5 wargs
  2 acid dragons
  5 hell hounds (Lair:6)
  10 water moccasins
  34 orc warriors
  2 ice beasts (D:6)
  A black bear (D:4)
  5 sky beasts
  13 wolves
  12 ogres
  11 necrophages
  6 centaurs
  2 kobold brigands
  7 bullfrogs
  3 gnoll sergeants
  3 scorpions
  An electric eel (Lair:6)
  2 howler monkeys
  4 lava snakes (Lair:6)
  3 centaur zombies
  2 jellies
  3 hounds
  27 orc priests
  2 bullfrog skeletons
  Ijyb (D:3)
  4 iguanas
  14 orc wizards
  A scorpion zombie (D:5)
  4 hell rats (Lair:1)
  A killer bee zombie (D:7)
  3 howler monkey zombies
  Robin (D:2)
  A howler monkey skeleton (D:6)
  4 adders
  15 gnolls
  A river rat (Lair:1)
  A shadow imp (D:3)
  2 worms
  A dart slug (D:3)
  91 orcs
  7 endoplasms
  A giant cockroach (D:3)
  11 goblins
  5 hobgoblins
  4 quokkas
  7 bats
  A frilled lizard (D:2)
  19 kobolds
  9 rats
594 creatures vanquished.

Vanquished Creatures (collateral kills)
  A cane toad (Lair:4)
  A torpor snail (Lair:4)
  A dream sheep (Lair:4)
3 creatures vanquished.

Vanquished Creatures (others)
  3 blink frogs (Lair:6)
  A centaur simulacrum (D:10)
  30 fungi
  30 plants
64 creatures vanquished.

Grand Total: 661 creatures vanquished

Notes
Turn   | Place    | Note
-------+----------+-------------------------------------------
     0 | D:1      | Mesmaeker13 the Ogre Gladiator began the quest for the Orb.
     0 | D:1      | Reached XP level 1. HP: 22/22 MP: 1/1
   201 | D:1      | Reached XP level 2. HP: 19/29 MP: 2/2
   206 | D:1      | Reached skill level 3 in Fighting
   457 | D:1      | Found a faded altar of an unknown god.
   457 | D:1      | Noticed a Tzitzimitl
   618 | D:2      | Reached XP level 3. HP: 34/37 MP: 3/3
   700 | D:2      | Noticed Robin
  1069 | D:2      | Reached XP level 4. HP: 33/46 MP: 4/4
  1142 | D:2      | Killed Robin
  1592 | D:3      | Found Mammuxt's Antique Weapon Emporium.
  1624 | D:3      | Reached skill level 4 in Fighting
  1680 | D:3      | Noticed Sigmund
  1728 | D:3      | Reached XP level 5. HP: 45/54 MP: 5/5
  2124 | D:4      | Found a staircase to the Ecumenical Temple.
  2128 | D:4      | Found a shadowy altar of Dithmenos.
  2128 | D:4      | Found an ancient bone altar of Kikubaaqudgha.
  2133 | Temple   | Entered the Ecumenical Temple
  2454 | D:4      | Noticed a black bear
  2464 | D:4      | Killed a black bear
  2465 | D:4      | Reached XP level 6. HP: 25/65 MP: 6/6
  2884 | D:4      | Noticed a necrophage
  2890 | D:4      | Killed a necrophage
  2891 | D:4      | Reached skill level 5 in Fighting
  3135 | D:5      | Entered Level 5 of the Dungeon
  3135 | D:5      | Found Laac Tara's Antique Armour Boutique.
  3162 | D:5      | Found an iron altar of Okawaru.
  3330 | D:5      | Found a hazy altar of Hepliaklqana.
  3355 | D:5      | Reached XP level 7. HP: 72/72 MP: 7/7
  3840 | D:6      | Reached skill level 6 in Fighting
  3904 | D:6      | Reached XP level 8. HP: 57/84 MP: 8/8
  4036 | D:6      | Reached skill level 5 in Maces & Flails
  4048 | D:6      | Reached skill level 5 in Throwing
  4048 | D:6      | Reached skill level 5 in Dodging
  4277 | D:6      | Found a broken altar of Ashenzari.
  4384 | D:6      | Became a worshipper of Ashenzari the Shackled
  4562 | D:6      | Reached skill level 7 in Fighting
  4678 | D:6      | Found a sparkling altar of Nemelex Xobeh.
  4822 | D:6      | Reached XP level 9. HP: 94/94 MP: 9/9
  5097 | D:3      | Killed Sigmund
  5098 | D:3      | Reached skill level 8 in Fighting
  5232 | D:3      | Noticed Grinder
  5250 | D:3      | Paralysed by Grinder for 4 turns
  5256 | D:3      | Paralysed by Grinder for 2 turns
  5268 | D:3      | Killed Grinder
  5305 | D:3      | Reached skill level 10 in Fighting
  5305 | D:3      | Reached XP level 10. HP: 38/111 MP: 10/10
  5306 | D:3      | Reached XP level 11. HP: 41/119 MP: 11/11
  5620 | D:3      | Noticed Ijyb
  5623 | D:3      | Killed Ijyb
  7419 | D:8      | Noticed a two-headed ogre
  7426 | D:8      | Killed a two-headed ogre
  7427 | D:8      | Reached skill level 11 in Fighting
  7437 | D:8      | Noticed Maurice
  7455 | D:8      | Killed Maurice
  7567 | D:8      | Noticed Grum
  7575 | D:8      | Killed Grum
  7804 | D:8      | Noticed Erica
  7809 | D:8      | Killed Erica
  8164 | D:9      | Found a basalt altar of Yredelemnul.
  8228 | D:9      | Noticed a two-headed ogre
  8239 | D:9      | Killed a two-headed ogre
  8240 | D:9      | Reached skill level 1 in Spellcasting
  8240 | D:9      | Reached XP level 12. HP: 59/130 MP: 7/13
  8722 | D:9      | Found a staircase to the Lair.
  8723 | D:9      | Noticed Harold
  9012 | D:9      | Killed Harold
  9956 | D:9      | Found a white marble altar of Elyvilon.
  9987 | D:9      | Noticed a two-headed ogre
  9992 | D:9      | Killed a two-headed ogre
  9993 | D:9      | Reached skill level 12 in Fighting
 10093 | Lair:1   | Entered Level 1 of the Lair of Beasts
 10596 | Lair:1   | Noticed a six-headed hydra
 10608 | Lair:1   | Killed a one-headed hydra
 10668 | Lair:1   | Reached skill level 10 in Throwing
 11293 | Lair:2   | Reached skill level 5 in Spellcasting
 11298 | Lair:2   | Noticed a catoblepas
 11318 | Lair:2   | Killed a catoblepas
 11516 | Lair:2   | Found a staircase to the Shoals.
 11543 | Lair:2   | Reached XP level 13. HP: 43/141 MP: 20/20
 12062 | Lair:3   | Reached skill level 1 in Armour
 12135 | Lair:3   | Reached skill level 13 in Fighting
 12399 | Lair:3   | Found a runed translucent door.
 12816 | Lair:4   | Found a hole to the Spider Nest.
 13836 | Lair:4   | Reached * piety under Ashenzari
 14138 | Lair:5   | Found a runed translucent door.
 14139 | Lair:5   | Noticed Zimaveycw's ghost (journeyman OpFi)
 14832 | Lair:6   | Entered Level 6 of the Lair of Beasts
 15030 | Lair:6   | Noticed emiel's ghost (journeyman FoEE)
 15030 | Lair:6   | Found a runed translucent gate.
 15030 | Lair:6   | Found a runed translucent gate.
 15030 | Lair:6   | Found a runed translucent gate.
 15036 | Lair:6   | Reached skill level 1 in Summonings
 15618 | Lair:6   | Reached XP level 14. HP: 154/154 MP: 23/23
 15926 | Lair:6   | Reached skill level 14 in Fighting
 16187 | Lair:6   | Found a viscous altar of Jiyva.
 16187 | Lair:6   | Found a staircase to the Slime Pits.
 16818 | Lair:6   | Noticed Urug
 16832 | Lair:6   | Killed Urug
 16878 | Lair:6   | Found a large runed translucent door.
 16879 | Lair:6   | Found a large runed translucent door.
 17599 | D:10     | Entered Level 10 of the Dungeon
 18103 | D:10     | Identified the ring of Sunlight {Wiz Fly rPois}
 18149 | D:10     | HP: 3/157 [centaur warrior/arrow (20)]
 18400 | D:10     | Identified the ring "Foro" {+Blink rPois MP+9 Stlth-}
 18493 | D:10     | Reached skill level 5 in Armour
 18804 | D:10     | Identified a scroll of acquirement
 18899 | D:10     | Identified the ring of Starshine {EV+4 Int+6 Dex-5}
 18976 | D:10     | Identified the ring "Xeuhucw" {rF- Will++ MP+9 Int+4}
 19055 | D:10     | Found a shimmering blue altar of Sif Muna.
 19064 | D:10     | Identified Sif Muna's Collected Works on Clay
 19384 | D:11     | Acquired a manual of Maces & Flails
 19446 | D:11     | Noticed Snorg
 19458 | D:11     | Killed Snorg
 19910 | D:11     | Reached ** piety under Ashenzari
 19952 | D:11     | Found a staircase to the Orcish Mines.
 20073 | Orc:1    | Entered Level 1 of the Orcish Mines
 20125 | Orc:1    | Reached skill level 15 in Fighting
 20307 | Orc:2    | Entered Level 2 of the Orcish Mines
 20856 | Orc:1    | Found Kicutwaa's Armour Shoppe.
 20908 | Orc:1    | Found Hoxzi's General Store.
 20909 | Orc:1    | Found Luqiopt's Specific Store.
 21411 | Orc:2    | Reached XP level 15. HP: 160/166 MP: 24/24
 21502 | Orc:2    | Found Nuuc's General Store.
 21560 | Orc:2    | Found Ysosuf's Book Shoppe.
 21573 | Orc:2    | Bought a book of the Hunter for 286 gold pieces
 21578 | Orc:2    | Learned a level 3 spell: Call Canine Familiar
 21974 | Orc:2    | Found Toghy's Assorted Antiques.
 22059 | Orc:2    | Noticed an orc warlord
 22077 | Orc:2    | Killed an orc warlord
 22111 | Orc:2    | HP: 7/157 [red devil[an orc high priest] (2)]
 22839 | Orc:2    | Found a staircase to the Elven Halls.
 23011 | Orc:2    | Found Birifoad's Book Emporium.
 23837 | D:12     | Noticed Gastronok
 23848 | D:12     | Killed Gastronok
 24004 | D:12     | Noticed Fannar
 24013 | D:12     | Killed Fannar
 24014 | D:12     | Reached skill level 5 in Summonings
 24127 | D:12     | Noticed Nergalle
 24139 | D:12     | Killed Nergalle
 24152 | D:12     | Reached skill level 15 in Maces & Flails
 24594 | D:13     | Acquired a scarf of resistance
 24964 | D:13     | Reached skill level 16 in Fighting
 25218 | D:13     | Identified the +4 plate armour of the Everdark {Str+2}
 25672 | D:14     | Found a gate to the Vaults.
 25867 | D:14     | Found a frozen archway.
 25892 | D:14     | Reached XP level 16. HP: 179/179 MP: 25/25
 25906 | IceCv    | Entered an ice cave
 25921 | IceCv    | HP: 8/179 [white ugly thing (9)]
 25921 | IceCv    | Slain by a white ugly thing

Illustrated notes

Levels and vault maps discovered:
D:1:      amcnicky_arrival_underground_garden, layout_rooms,
          dreamdust_ecumenical_altar_sealed_demon
D:2:      layout_loops_ring, uniq_robin
D:3:      layout_loops_cross, serial_shops, shop, uniq_grinder, uniq_ijyb,
          uniq_sigmund
D:4:      layout_basic, chequers_temple_overflow_statue_of_worship,
          minmay_temple_entry_trees, nrook_campfire, kennysheep_generic_room_9
D:5:      layout_cave_pools, amcnicky_altar_gilded, overflow_temple_1_default,
          serial_shops, nicolae_diamond_shop, skrybe_limestone_x,
          grunt_ministairs_1, minivault_19
D:6:      layout_gridville, evilmike_ruin_ashenzari,
          mainiacjoe_overflow_cross_hatched
D:7:      layout_layer_cave, chequers_serial_rivers_micro_b, hex_medium
D:8:      layout_cave_pools, uniq_maurice, uniq_erica, uniq_grum
D:9:      layout_roguey, kennysheep_ying_yang, erik_lair_orcish_takeover,
          uniq_harold
D:10:     minmay_the_grid_triangle_9x9_recursive_2_mashed
          [minmay_the_grid_triangle_9x9_prize_special,
          minmay_the_grid_triangle_9x9_descending_squares,
          minmay_the_grid_triangle_9x9_shrine,
          minmay_the_grid_triangle_9x9_skeleton], layout_basic, led_sif_book,
          chequers_jeans
D:11:     layout_gridville, orc_0_dummy, uniq_snorg
D:12:     layout_basic, serial_co_window_serial, co_window_corner_a,
          co_window_corner_a, co_window_corner_a, co_window_paths_a,
          co_window_of_opportunity_a, co_window_cross_4, co_window_cross_4,
          co_window_broadway_c, glass_columns_c, glass_columns_a,
          glass_columns_b, uniq_nergalle, uniq_gastronok, uniq_fannar
D:13:     layout_gridville
D:14:     layout_basic, lightli_vaults_fourway_checkpoint,
          hangedman_abyss_or_decor_stagger,
          portal_ice_cave_entry_ice_statue_two, nooodl_orcs_dogs
Temple:   cyrus_circular_temple
Lair:1:   layout_long_grid, kennysheep_abandoned_house, grunt_megastairs_5,
          minmay_lair_oklob_chamber
Lair:2:   layout_hall_layers, elwin_shoals_entry_stream, st_stairs_8
Lair:3:   gammafunk_mikee_crab_dinner, layout_long_grid
Lair:4:   layout_small_grid, spider_nest_entry_funnel_web
Lair:5:   layout_cave_pods, ebering_ghost_inner_flame, roderic_carrion_pond,
          grunt_megastairs_1
Lair:6:   cheibrodos_lair_end_hotspot, layout_cave_shapes,
          dpeg_slime_entry_enclosed_altar, gammafunk_ghost_hydra_chop,
          grunt_forest_stairs_basic, amcnicky_mini_pool_medium, uniq_urug
Orc:1:    layout_caves, serial_shops, nicolae_diamond_shop,
          nicolae_specific_store, nicolae_orc_lost_temple
Orc:2:    pubby_orc_utopia
IceCv:    ice_cave_small_giant

Skill      XL: |  1  2  3  4  5  6  7  8  9 10 11 12 13 14 15 16 |
---------------+-------------------------------------------------+-----
Fighting       | 3 4 5 6 7 10 11 12 13 15 16 | 16.2
Dodging        | 3 4 5 7 8 |  8.4
Maces & Flails | 3 4 5 9 11 12 13 14 15 | 15.4
Throwing       | 3 4 5 8 9 10 11 12 | 12.6
Spellcasting   | 1 5 6 |  6.5
Armour         | 3 5 7 |  7.3
Summonings     | 2 3 5 6 |  6.0

Action                   |  1- 3 |  4- 6 |  7- 9 | 10-12 | 13-15 | 16-18 || total
-------------------------+-------+-------+-------+-------+-------+-------++-------
Melee: Flail             |    62 |   125 |    12 |       |       |       ||   199
       Giant spiked club |       |       |    97 |   349 |  1072 |    10 ||  1528
       Unarmed           |       |       |     2 |       |       |       ||     2
       Scimitar          |       |       |       |     7 |    30 |       ||    37
Throw: Throwing net      |     3 |     2 |     2 |     4 |     1 |       ||    12
       Dart              |     3 |       |    10 |     8 |     7 |       ||    28
       Javelin           |       |    29 |    27 |    25 |    19 |       ||   100
       Boomerang         |       |       |    18 |     7 |       |       ||    25
       Large rock        |       |       |       |       |    21 |     3 ||    24
Invok: Curse Item        |       |       |       |     1 |     2 |       ||     3
       Shatter the Chain |       |       |       |       |     2 |       ||     2
Evoke: Wand              |       |       |       |    11 |    15 |       ||    26
  Use: Scroll            |       |     3 |     1 |     5 |    14 |       ||    23
       Potion            |       |       |     3 |     4 |     7 |       ||    14
 Stab: Held in net/web   |     1 |       |       |       |     1 |       ||     2
       Paralysed         |       |       |       |       |     3 |       ||     3
Armor: Robe              |    32 |    66 |    63 |    56 |       |       ||   217
       Steam dragon scal |       |       |       |   101 |   156 |       ||   257
       Fire dragon scale |       |       |       |       |   494 |    15 ||   509
Dodge: Dodged            |    28 |    78 |   101 |   228 |   664 |    13 ||  1112
       Rpst.: Scimitar   |       |       |       |       |     4 |       ||     4
